AoeStats
← 小白

African Clearing

506634562Analyzed
4v4 RM · 18d ago on Sep 14, 2026· 43m 35s· 8 players
Game mode
Random Map
Map size
Large (8 player)
Population
200
Speed
Normal
Resources
Standard
Victory
Conquest
Starting age
Dark Age
Ending age
Imperial Age
RankedLock teamsTeams togetherTeam positionsShared explorationLock speedFull tech treeHidden civsTurbo modeCheats
Victory
Defeat
🇹🇼 Vietnamese · Taiwan
1916
+7
1904
+7
🇹🇼 Cumans · Taiwan
1831
+10
🇹🇼 Jurchens · Taiwan
1735
+13
🇪🇸 Magyars · Spain
1791
-13
🇻🇳 Japanese · Vietnam
1725
-10
🇪🇸 Mapuche · Spain
1621
-7
🇧🇷 Mongols · Brazil
1606
-7
Bixiyo
8:57 Loom
11:44 Feudal Age
16:04 Town Watch
20:58 Castle Age
24:33 Double-Bit Axe
28:32 Scale Barding Armor
33:46 Fletching
37:25 Chain Barding Armor
39:19 Wheelbarrow
42:52 Wheelbarrow
Floripa
5:32 Loom
11:53 Feudal Age
13:19 Fletching
14:04 Double-Bit Axe
25:00 Castle Age
25:35 Town Watch
30:32 Bow Saw
31:55 Horse Collar
33:33 Wheelbarrow
35:51 Hand Cart
36:30 Heavy Plow
39:53 Gold Mining
40:49 Stone Mining
45:51 Imperial Age
43:44 Bodkin Arrow
FireFarts
12:14 Feudal Age
10:56 Loom
17:51 Castle Age
15:54 Double-Bit Axe
16:26 Fletching
17:22 Horse Collar
18:49 Bodkin Arrow
19:47 Bow Saw
22:33 Padded Archer Armor
28:38 Ballistics
31:29 Leather Archer Armor
31:57 Wheelbarrow
31:10 Town Watch
33:27 Gold Mining
33:28 Stone Mining
33:48 Scale Mail Armor
35:00 Hand Cart
35:20 Heavy Plow
37:36 Pikeman
40:52 Imperial Age
38:52 Chain Mail Armor
38:48 Forging
40:59 Halberdier
43:02 Plate Mail Armor
43:38 Conscription
ChauNg
12:04 Loom
14:14 Feudal Age
17:50 Castle Age
15:55 Double-Bit Axe
16:32 Gold Mining
16:46 Fletching
18:30 Bodkin Arrow
18:45 Bow Saw
20:27 Padded Archer Armor
23:13 Horse Collar
27:33 Leather Archer Armor
27:27 Thumb Ring
28:42 Ballistics
28:37 Leather Archer Armor
30:42 Bloodlines
32:31 Husbandry
39:31 Imperial Age
37:37 Wheelbarrow
38:59 Scale Mail Armor
39:09 Forging
38:43 Pikeman
39:23 Squires
40:36 Chain Mail Armor
40:12 Halberdier
43:15 Bracer
Thành Cổ Quảng Trị
14:49 Feudal Age
15:21 Double-Bit Axe
15:50 Double-Bit Axe
15:56 Loom
18:32 Castle Age
16:42 Horse Collar
17:36 Fishing Lines
19:16 Bow Saw
19:57 Gillnets
22:15 Horse Collar
23:47 Wheelbarrow
22:59 Town Watch
24:39 Gold Mining
25:08 Stone Mining
29:08 Hand Cart
33:09 Imperial Age
31:47 Gold Shaft Mining
31:52 Scale Barding Armor
32:42 Bloodlines
32:32 Husbandry
32:59 Chain Barding Armor
32:50 Forging
32:49 Elite War Elephant
33:50 Conscription
33:42 Heavy Plow
34:48 Plate Barding Armor
35:09 Iron Casting
35:12 Crop Rotation
35:44 Two-Man Saw
35:45 Coinage
35:46 Devotion
37:30 Banking
38:04 Blast Furnace
38:47 Town Patrol
40:25 Faith
小蜜蜂
6:10 Loom
11:36 Feudal Age
12:35 Double-Bit Axe
13:11 Town Watch
18:29 Fletching
37:08 Wheelbarrow
37:34 Horse Collar
40:24 Castle Age
41:25 Bow Saw
40:58 Fishing Lines
41:39 Caravan
43:21 Coinage
小白
11:22 Feudal Age
11:52 Double-Bit Axe
13:02 Horse Collar
19:41 Loom
22:03 Castle Age
20:08 Gold Mining
20:57 Scale Barding Armor
21:31 Wheelbarrow
21:42 Bloodlines
22:10 Forging
24:05 Capped Ram
27:01 Chain Barding Armor
30:39 Bow Saw
33:26 Hand Cart
36:02 Gold Shaft Mining
38:16 Imperial Age
36:12 Stone Mining
37:29 Iron Casting
38:24 Cavalier
39:39 Plate Barding Armor
39:27 Conscription
39:46 Paladin
40:16 Siege Ram
44:58 Blast Furnace
老天鵝
12:31 Feudal Age
12:50 Loom
13:01 Double-Bit Axe
16:48 Wheelbarrow
17:18 Fletching
25:18 Castle Age
24:00 Gold Mining
24:20 Horse Collar
25:55 Bodkin Arrow
25:26 Crossbowman
26:32 Padded Archer Armor
27:35 Bow Saw
34:20 Ballistics
41:08 Imperial Age
41:59 Bloodlines
41:50 Husbandry
42:02 Forging
41:55 Bracer
43:31 Chemistry
42:56 Heavy Plow
Connection lost

Rejoining the realm…

Still unreachable

The connection could not be restored.

Session expired

The server has moved on; the page needs a fresh start.